 Dungeon Crawl Stone Soup version 0.21.1-1-g345015f (webtiles) character file.

63 wilfster70 the Ducker (level 4, -2/31 HPs)
             Began as an Octopode Fighter on Mar 2, 2018.
             Splashed by a jelly's acid (5 damage)
             ... on level 2 of the Dungeon.
             The game lasted 00:06:11 (1644 turns).

wilfster70 the Ducker (Octopode Fighter)            Turns: 1644, Time: 00:06:12

Health: -2/31      AC: -3    Str: 15    XL:     4   Next: 9%
Magic:  4/4        EV: 12    Int: 11    God:
Gold:   71         SH:  8    Dex: 11    Spells: 3/3 levels left

rFire    . . .     SeeInvis .   a - +0 trident
rCold    . . .     Gourm    .   b - +0 shield
rNeg     . . .     Faith    .   (helmet restricted)
rPois    .         Spirit   .   n - amulet of magic regeneration
rElec    .         Reflect  .   (no ring)
rCorr    .         Harm     .   (no ring)
MR       .....                  (no ring)
Stlth    ++........             (no ring)
HPRegen  0.10/turn              (no ring)
MPRegen  0.34/turn              (no ring)
                                (no ring)
                                (no ring)

@: corroded
A: almost no armour, stealthy swim, amphibious, 8 rings, constrict 8, camouflage
1, gelatinous body 1
a: no special abilities


You were on level 2 of the Dungeon.
You were not hungry.

You visited 1 branch of the dungeon, and saw 2 of its levels.

You collected 71 gold pieces.

Inventory:

Hand Weapons
 a - a +0 trident (weapon)
Missiles
 f - 71 stones (quivered)
Armour
 b - a +0 shield (worn)
Jewellery
 n - an amulet of magic regeneration (around mantle)
Scrolls
 e - 5 scrolls of identify
 h - 2 scrolls of remove curse {unknown}
 i - a scroll of teleportation {unknown}
 j - a scroll of enchant weapon {unknown}
Potions
 c - a potion of might
 k - a potion of cancellation {unknown}
 l - a potion of flight {unknown}
 m - 2 potions of degeneration {unknown}
Comestibles
 d - 4 rations


   Skills:
 + Level 3.5 Fighting
 + Level 2.7 Polearms
 + Level 3.5 Dodging
 + Level 3.5 Shields


You had 3 spell levels left.
You didn't know any spells.

Dungeon Overview and Level Annotations

Branches:
Dungeon (2/15)

Altars:


Innate Abilities, Weirdness & Mutations

You cannot wear most types of armour.
You are very stealthy in the water. (Stealth+)
You are amphibious.
You can wear up to eight rings at the same time.
You can use your tentacles to constrict eight enemies at once.
Your skin changes colour to match your surroundings (Stealth+).
Your rubbery body absorbs attacks. (AC +1, EV +1)


Message History

You open the door. 2 oozes and a jelly come into view.
The jelly quivers.
Found a hobgoblin skeleton. 6 oozes and a jelly come into view.
The ooze quivers. x2
The jelly hits you.
You are splashed with acid!
The acid burns!
Found two rat skeletons, a goblin skeleton and 14 gold pieces.
There is an open door here.
You see here a club.
You puncture the jelly! The acid corrodes you!
Your tentacles burn!
The jelly is heavily wounded.
The jelly barely misses you.
You hit the jelly.
Your tentacles burn!
The jelly is severely wounded.
The jelly hits you.
You are splashed with acid!
The acid burns!
* * * LOW HITPOINT WARNING * * *
You block the jelly's attack.
You hit the jelly.
Your tentacles burn!
You die...

.#..# #..##..# #.##.# #.)...
....###......# #.##.# ######
##.#...####### #..#.#
#.############ ###### #.#
#J..J.÷##########
#.######P..PP.'##......#####
##.....##÷.....#J#.......##.#
.......##PP.PPJ#J#........'.##
.#.....##..JJ..#@#.....)..'..###
.#.....##..÷PJP#.#'#......'....#
.#.....##.....J#.#.#....(##.##.#
.#.....##.PP..P#.#.#....######.##
.#.....##$J÷..J##.####### #.).#
.##...## ### ######...# .###.##
#### ### #.##......
.###.####..###.# ##.##......
.##............########..........


You could see a jelly and an ooze.

Vanquished Creatures
  An adder (D:2)
  An ooze (D:1)
  2 worms (D:2)
  2 dart slugs (D:1)
  2 leopard geckos
  2 giant cockroaches (D:1)
  5 goblins
  3 hobgoblins
  9 kobolds
  A quokka (D:2)
  A ball python (D:2)
  3 bats (D:1)
  2 frilled lizards (D:1)
  5 rats
39 creatures vanquished.

Vanquished Creatures (others)
  6 toadstools (D:2)
6 creatures vanquished.

Grand Total: 45 creatures vanquished

Notes
Turn   | Place    | Note
-------+----------+-------------------------------------------
     0 | D:1      | wilfster70 the Octopode Fighter began the quest for the Orb.
     0 | D:1      | Reached XP level 1. HP: 16/16 MP: 1/1
   308 | D:1      | Reached XP level 2. HP: 21/21 MP: 2/2
   690 | D:1      | Reached XP level 3. HP: 23/26 MP: 3/3
  1570 | D:2      | Reached XP level 4. HP: 31/31 MP: 4/4
  1644 | D:2      | Splashed by a jelly's acid

Action                   |  1- 3 |  4- 6 || total
-------------------------+-------+-------++-------
Melee: Trident           |    66 |    12 ||    78
       Constrict         |    12 |     3 ||    15
       Tentacles         |     5 |     3 ||     8
Throw: Stone             |    52 |       ||    52
  Use: Scroll            |     1 |       ||     1
 Stab: Sleeping          |     4 |     1 ||     5
  Eat: Chunk             |     2 |       ||     2
Armor: Skin              |     2 |       ||     2
Dodge: Dodged            |    26 |     5 ||    31
Block: Shield            |    24 |     6 ||    30
